 Dungeon Sprint DCSS version 0.19.4-10-g532645f (console) character file.

116 itsmu the Carver (level 7, -2/41 HPs)
             Began as a Gargoyle Earth Elementalist on Feb 25, 2017.
             Was a High Priest of the Shining One.
             Slain by Aizul (10 damage)
             ... in the Dungeon (Sprint VI: "Thunderdome").
             The game lasted 00:08:15 (724 turns).

itsmu the Carver (Gargoyle Earth Elementalist)       Turns: 724, Time: 00:08:16

Health: -2/41      AC:  7    Str: 11    XL:     7   Next: 26%
Magic:  11/11      EV: 12    Int: 18    God:    the Shining One [*****.]
Gold:   80         SH:  0    Dex: 10    Spells: 3 memorised, 2 levels left

rFire  . . .     SeeInvis .     b - +0 triple sword
rCold  . . .     Gourm    .     c - +0 robe
rNeg   + + +     Faith    .     (shield currently unavailable)
rPois  ∞         Spirit   .     (no helmet)
rElec  +         Reflect  .     (no cloak)
rCorr  .         Harm     .     (no gloves)
MR     .....     NoTele   +     (no boots)
Stlth  +.........               (no amulet)
                                (no ring)
                                (no ring)

@: very slightly contaminated, hasted, glowing, very quick
A: negative energy resistance 1, electricity resistance, unbreathing,
petrification resistance, rot immunity, AC +4
a: Divine Shield, Cleansing Flame, Summon Divine Warrior, Renounce Religion


You were in the Dungeon.
You worshipped the Shining One.
The Shining One was extremely pleased with you.
You were not hungry.

You visited 1 branch You collected 380 gold pieces.
You spent 300 gold pieces at shops.

Inventory:

Hand Weapons
 a - a +0 falchion of freezing
   (You took it off an orc in the Dungeon)
 b - a +0 triple sword (weapon)
   (You bought it in a shop in the Dungeon)
Armour
 c - a +0 robe (worn)
Wands
 i - a wand of acid (0/15)
   (You found it in the Dungeon)
 l - a wand of iceblast (0/15)
   (You found it in the Dungeon)
Scrolls
 m - 3 scrolls of fog
Potions
 g - a potion of haste
 h - 2 potions of magic
 n - a potion of resistance
Books
 k - a book of Geomancy

   Spells                             Type                      Level
   a - Sandblast                      Earth                        1
   b - Passwall                       Transmutation/Earth          2
   c - Stone Arrow                    Conjuration/Earth            3
   d - Petrify                        Transmutation/Earth          4
   e - Lee's Rapid Deconstruction     Earth                        5
Comestibles
 d - a bread ration


   Skills:
 + Level 3.1 Fighting
 * Level 10.4 Long Blades
 + Level 3.0 Armour
 + Level 2.8 Dodging
 - Level 2.1 Stealth
 - Level 2.9 Spellcasting
   Level 0.7 Transmutations
 - Level 10.3 Earth Magic


You had 2 spell levels left.
You knew the following spells:

 Your Spells              Type           Power        Failure   Level  Hunger
a - Sandblast             Erth           #####.       1%          1    None
b - Stone Arrow           Conj/Erth      ###...       10%         3    ###....
f - Lee's Rapid Deconstr  Erth           #####.....   8%          5    ######.


Dungeon Overview and Level Annotations

Branches:
Dungeon (1/1)

Altars:
Cheibriados
Dithmenos
Fedhas
Gozag
Kikubaaqudgha
Makhleb
Okawaru
Qazlal
Ru
Sif Muna
Trog
Uskayaw
Vehumet
Xom
Yredelemnul
Zin
The Shining One
Beogh
Jiyva
Lugonu

Shops:
D *[%??*?*:[((!!!!

Annotations:
D Aizul


Innate Abilities, Weirdness & Mutations

You are resistant to torment.
Your stone body is resilient. (AC +4)
You are immune to poison.
You resist negative energy. (rN+)
You are resistant to electric shocks. (rElec)
You can survive without breathing.
You are immune to petrification.
You are immune to rotting.


Message History

The bolt of poison hits you! You resist. Aizul completely misses you.
You riposte.
You hit Aizul.
Aizul is lightly wounded.
You closely miss Aizul.
Aizul is lightly wounded.
Aizul closely misses you.
You riposte.
You closely miss Aizul.
Aizul is lightly wounded.
You closely miss Aizul.
Aizul is lightly wounded.
Aizul closely misses you.
You riposte.
You slash Aizul!
Aizul is moderately wounded.
You hit Aizul.
Aizul is moderately wounded.
Aizul coils herself and waves her upper body at you.
The bolt of poison hits you! You resist. Aizul hits you!!
The Shining One protects you from harm!
You slash Aizul!
Aizul is moderately wounded.
Aizul hits you!
You die...

###.........###
#⌠...........⌠#
######.8......)..8.#####
##∩___......###......___∩
###∩......).8.# #.8........
##............[###).........
#⌠..........###...###.......
#⌠...[.....)# #.<.# #.......
#⌠.........M###...###.......
##..........S..###..........
###∩........8[# #.8........
##∩___......###......_..∩
######.8.........8.#####
#⌠...†.......⌠#
###.........### #.........#
#_......._#


You could see Aizul.

Vanquished Creatures
  A queen bee (D)
  3 killer bees (D)
  6 orc priests (D)
  An adder skeleton (D)
  6 orcs (D)
  A giant cockroach (D)
  A bat (D)
  A frilled lizard (D)
20 creatures vanquished.

Notes
Turn   | Place    | Note
-------+----------+-------------------------------------------
     0 | D        | itsmu the Gargoyle Earth Elementalist began the quest for the Orb.
     0 | D        | Reached XP level 1. HP: 10/10 MP: 3/3
     2 | D        | Found an opulent altar of Gozag.
     3 | D        | Found a burning altar of Makhleb.
     4 | D        | Found a corrupted altar of Lugonu.
     4 | D        | Found a blossoming altar of Fedhas.
     5 | D        | Found a hide-covered altar of Uskayaw.
     5 | D        | Found Qiezast's Weapon Rack.
     5 | D        | Found Teghul's Premium Goods.
     5 | D        | Round 1.
     6 | D        | Found Vinuriep's Basic Armour.
     6 | D        | Found Neutixae's Miscellaneous Merchandise.
    20 | D        | Found a shadowy altar of Dithmenos.
    21 | D        | Found a viscous altar of Jiyva.
    23 | D        | Found an ancient bone altar of Kikubaaqudgha.
    29 | D        | Found Tyossuis's Identification Station.
    29 | D        | Found Lirrican's Advanced Armour.
    30 | D        | Found Abus's Jewellery.
    31 | D        | Found a shimmering altar of Xom.
    31 | D        | Found a basalt altar of Yredelemnul.
    31 | D        | Found a glowing golden altar of the Shining One.
    31 | D        | Found Loirilit's Bee Food.
    49 | D        | Reached skill level 1 in Fighting
    49 | D        | Reached skill level 1 in Armour
    67 | D        | Found a deep blue altar of Sif Muna.
    71 | D        | Became a worshipper of the Shining One
   164 | D        | Found Ynoerchej's Do-It-Yourself Clinic.
   165 | D        | Found Wucriph's Bottled Wisdom.
   165 | D        | Found Ohameoce's Distillery.
   165 | D        | Found a stormy altar of Qazlal.
   165 | D        | Found a roughly hewn altar of Beogh.
   165 | D        | Found a snail-covered altar of Cheibriados.
   165 | D        | Found Soom's Distillery.
   170 | D        | Found a bloodstained altar of Trog.
   171 | D        | Found a glowing silver altar of Zin.
   172 | D        | Found an iron altar of Okawaru.
   173 | D        | Found a sacrificial altar of Ru.
   173 | D        | Found a radiant altar of Vehumet.
   173 | D        | Found Mequuc's Staff Store.
   173 | D        | Found Mizaewag's Magic Scroll Shop.
   174 | D        | Found Foobo's Must-Have Magic.
   174 | D        | Found Kuofys's Magic Scroll Shop.
   179 | D        | Arena points: 5 (+5) [x1]
   194 | D        | Round 2.
   200 | D        | Reached XP level 2. HP: 15/17 MP: 3/5
   270 | D        | Reached * piety under the Shining One
   342 | D        | Arena points: 33 (+28) [x2]
   384 | D        | Round 3.
   387 | D        | Reached ** piety under the Shining One
   393 | D        | Reached skill level 5 in Earth Magic
   393 | D        | Reached XP level 3. HP: 17/22 MP: 7/7
   405 | D        | Reached *** piety under the Shining One
   409 | D        | Reached XP level 4. HP: 22/27 MP: 4/8
   413 | D        | Reached **** piety under the Shining One
   413 | D        | Reached skill level 5 in Long Blades
   415 | D        | Reached XP level 5. HP: 18/31 MP: 1/9
   427 | D        | Reached ***** piety under the Shining One
   428 | D        | Arena points: 96 (+63) [x3]
   441 | D        | Bought a +0 triple sword for 300 gold pieces
   472 | D        | Round 4.
   493 | D        | Reached XP level 6. HP: 35/36 MP: 10/10
   511 | D        | Noticed a queen bee
   536 | D        | Killed a queen bee
   536 | D        | Reached skill level 10 in Long Blades
   536 | D        | Reached skill level 10 in Earth Magic
   536 | D        | Reached XP level 7. HP: 27/40 MP: 11/11
   581 | D        | Learned a level 5 spell: Lee's Rapid Deconstruction
   585 | D        | Learned a level 3 spell: Stone Arrow
   610 | D        | Noticed a queen bee
   617 | D        | Noticed a queen bee
   617 | D        | Noticed a queen bee
   617 | D        | Noticed a queen bee
   693 | D        | Arena points: 116 (+20) [x1]
   709 | D        | Round 5.
   711 | D        | Noticed Aizul
   719 | D        | The Shining One protects you from harm!
   723 | D        | The Shining One protects you from harm!
   724 | D        | Slain by Aizul

Skill      XL: |  1  2  3  4  5  6  7 |
---------------+----------------------+-----
Fighting       | 1 2 3 |  3.1
Armour         | 1 2 3 |  3.0
Earth Magic    | 4 5 6 7 8 10 | 10.3
Dodging        | 2 |  2.8
Long Blades    | 3 4 6 8 10 | 10.4
Stealth        | |  2.1
Spellcasting   | |  2.9
Transmutations | |  0.7

Action                   |  1- 3 |  4- 6 |  7- 9 || total
-------------------------+-------+-------+-------++-------
Melee: Unarmed           |     6 |       |       ||     6
       Falchion          |     3 |    22 |    13 ||    38
       Triple sword      |       |       |     6 ||     6
 Cast: Sandblast         |    20 |     7 |       ||    27
       Stone Arrow       |       |       |     1 ||     1
Evoke: Wand              |       |     3 |     7 ||    10
  Use: Potion            |     2 |     3 |     4 ||     9
       Scroll            |       |       |     4 ||     4
Armor: Robe              |     3 |     4 |     8 ||    15
Dodge: Dodged            |    11 |    23 |    14 ||    48
       Rpst.: Falchion   |     1 |     5 |     2 ||     8
       Triple sword      |       |       |     3 ||     3
